Map: Ruins of Endion

Players

UnaBaby - Winner!

  • Race: Zerg Zerg
  • League: Silver
  • Spawn Location: 5:00

Fropez

  • Race: Protoss Protoss
  • League: Silver
  • Spawn Location: 7:00

VOD

Have the link to the VOD?

Description

Time

  • Played on: June 16, 2016, 12:11 p.m.
  • Length: 4:23
Show
View Real Time Build Order
Export as new Build Order

UnaBaby Zerg - Winner!

Build Orders: Hatch First 

Get SALT Encoding   

  12  0:02  Drone  
  13  0:09  Drone  
  14  0:17  Overlord  
  14  0:24  Extractor  
  14  0:25  Drone  
  15  0:36  Drone  
  15  0:38  Drone  
  17  0:48  Drone  
  18  0:58  Hatchery  
  18  1:01  Drone  
  18  1:05  Extractor  
  17  1:16  Spawning Pool  
  16  1:18  Drone  
  16  1:22  Drone  
  18  1:37  Drone  
  19  1:49  Overlord  
  19  2:09  Zergling x4  
  21  2:16  Queen  
  21  2:18  Metabolic Boost  
  21  2:21  Queen  
  25  2:23  Drone x2  
  27  2:39  Overlord  
  27  2:43  Zergling x4  
  29  2:53  Zergling x8  
  33  3:06  Zergling x4  
  35  3:14  Evolution Chamber  
  35  3:16  Zergling x2  
  35  3:17  Zergling x2  
  36  3:30  Zergling x14  
  36  3:31  Zergling x2  
  44  3:54  Hatchery  
Show
View Real Time Build Order
Export as new Build Order

Fropez Protoss 

Build Orders: Nexus First 

Get SALT Encoding   

  12  0:02  Probe (Chrono Boost)  
  13  0:42  Nexus  
  13  0:48  Probe (Chrono Boost)  
  14  0:58  Probe (Chrono Boost)  
  15  1:11  Pylon  
  15  1:17  Pylon  
  15  1:23  Assimilator  
  15  1:29  Assimilator  
  15  1:30  Probe (Chrono Boost)  
  16  1:40  Probe (Chrono Boost)  
  17  1:51  Probe (Chrono Boost)  
  17  1:54  Forge  
  18  1:55  Probe (Chrono Boost)  
  19  2:11  Gateway  
  19  2:15  Probe (Chrono Boost)  
  20  2:19  Probe (Chrono Boost)  
  22  2:30  Probe (Chrono Boost)  
  22  2:33  Probe (Chrono Boost)  
  22  2:47  Gateway  
  22  2:49  Pylon  
  22  2:50  Probe (Chrono Boost)  
  23  2:58  Zealot  
  23  3:01  Probe (Chrono Boost)  
  23  3:03  Probe (Chrono Boost)  
  27  3:12  Photon Cannon  
  27  3:14  Probe (Chrono Boost)  
  27  3:17  Probe (Chrono Boost)  
  29  3:31  Cybernetics Core  
  29  3:32  Probe (Chrono Boost)  
  30  3:34  Probe (Chrono Boost)  
  31  3:42  Probe (Chrono Boost)  
  31  3:45  Probe (Chrono Boost)  
  33  3:53  Probe (Chrono Boost)  
  23  4:16  Photon Cannon  
Tags
 
Add a new tag
Caveats
  • Supply blocks, unpowered buildings, or Contaminate may cause inaccurate times.
  • Supply counts are checked every 10 seconds.